 Dungeon Crawl Stone Soup version 0.29.1-1-gd02db6906a (webtiles) character file.

Game seed: 3319829320323235955

35 Doomgape the Gusty (level 3, 0/17 (19) HPs)
             Began as a Tengu Air Elementalist on Sept 18, 2022.
             Slain by a necrophage (2 damage)
             ... on level 2 of the Dungeon.
             The game lasted 00:03:24 (1545 turns).

Doomgape the Gusty (Tengu Air Elementalist)         Turns: 1545, Time: 00:03:25

HP:   0/17 (19)     AC:  2    Str:  8    XL:     3   Next: 33%
MP:   0/7           EV: 12    Int: 17    God:
Gold: 61            SH:  0    Dex: 14    Spells: 6/7 levels left

rFire   . . .      SeeInvis .   (no weapon)
rCold   . . .      Faith    .   (no shield)
rNeg    . . .      Spirit   .   a - +0 robe
rPois   .          Reflect  .   (helmet restricted)
rElec   .          Harm     .   (no cloak)
rCorr   .          Rampage  .   (no gloves)
Will    .....                   (boots unavailable)
Stlth   ++........              (no amulet)
HPRegen 0.05/turn               (no ring)
MPRegen 0.10/turn               (no ring)

@: heavily drained
A: beak, talons 3
a: no special abilities


You were on level 2 of the Dungeon.
You visited 1 branch of the dungeon, and saw 2 of its levels.

You collected 61 gold pieces.

Inventory:

Armour
 a - a +0 robe (worn)
Scrolls
 c - 4 scrolls of identify
Potions
 b - a potion of magic
 f - a potion of might {unknown}
 g - a potion of haste {unknown}


   Skills:
 - Level 2.1 Dodging
 - Level 2.0 Stealth
 + Level 2.5 Spellcasting
 + Level 2.5 Conjurations
 + Level 4.6 Air Magic


You had 6 spell levels left.
You knew the following spells:

 Your Spells              Type           Power      Damage    Failure   Level
a - Shock                 Conj/Air       56%        1d6       4%          1

Your spell library contained the following spells:

 Spells                   Type           Power      Damage    Failure   Level
 Static Discharge         Conj/Air       14%        3-5/arc   6%          2
 Swiftness                Air            18%        N/A       8%          3
 Airstrike                Air            9%         2d(2-18)  26%         4
 Passage of Golubria      Tloc           2%         N/A       88%         4
 Silence                  Hex/Air        5%         N/A       89%         5
 Lehudib's Crystal Spear  Conj/Erth      3%         10d2      100%        8


Dungeon Overview and Level Annotations

Branches:
Dungeon (2/15)

Altars:


Innate Abilities, Weirdness & Mutations

You have a beak for a mouth.
You have claws for feet.


Message History

Unknown command.
Casting: Shock (safe; 4% risk of failure)
Confirm with . or Enter, or press ? or * to list all spells.
Aiming: Shock (safe; 4% risk of failure)
Press: ? - help, Shift-Dir - straight line The zap hits the necrophage.
The necrophage is heavily damaged.
The necrophage misses you.
Casting: Shock (safe; 4% risk of failure)
Confirm with . or Enter, or press ? or * to list all spells.
Aiming: Shock (safe; 4% risk of failure)
Press: ? - help, Shift-Dir - straight line The zap hits the necrophage.
The necrophage is heavily damaged.
The necrophage closely misses you.
As you read the scroll labelled SEINUTOREM, it crumbles to dust.
You feel aware of your surroundings.
You sensed 3 shops/portals.
It was a scroll of magic mapping.
The necrophage hits you but does no damage.
As you read the scroll labelled ENIZUN TAL YRI, it crumbles to dust.
It is a scroll of brand weapon.
You aren't carrying any weapons that can be branded.
The necrophage hits you.
The necrophage attacks as you move away!
The necrophage hits you.
The necrophage attacks as you move away!
The necrophage closely misses you.
Press: ? - help, v - describe, . - travel The floor.
A necrophage is nearby!
Casting: Shock (safe; 4% risk of failure)
Confirm with . or Enter, or press ? or * to list all spells.
Aiming: Shock (safe; 4% risk of failure)
Press: ? - help, Shift-Dir - straight line The zap hits the necrophage.
The necrophage is heavily damaged.
The necrophage hits you.
* * * LOW HITPOINT WARNING * * *
You feel drained.
You die...

#####
....################
###................##
#.#####.#######...#
#.#.$.........n...#
#.#.###.#..#..@#..#
###.#.....#..#...#..#
..#.#.....#.)#...#..#
#.#.#........_.....##
...................#
#.#.#.#...#.)....#.#
#.#.#.#.[.#[.....#.#
#.#.#.....#......#.#
....#..............*


You could see a necrophage.

Vanquished Creatures
  A gnoll (D:1)
  A worm (D:2)
  A dart slug (D:2)
  2 ball pythons (D:1)
  2 bats (D:2)
  2 endoplasms
  A giant cockroach (D:2)
  4 goblins
  A quokka (D:1)
  A frilled lizard (D:1)
  2 kobolds (D:1)
  A rat (D:2)
19 creatures vanquished.

Notes
Turn   | Place    | Note
-------+----------+-------------------------------------------
     0 | D:1      | Doomgape the Tengu Air Elementalist began the quest for the
                  | Orb.
     0 | D:1      | Reached XP level 1. HP: 10/10 MP: 4/4
   322 | D:1      | Reached XP level 2. HP: 15/15 MP: 0/6
  1076 | D:2      | Found a faded altar of an unknown god.
  1080 | D:2      | Reached XP level 3. HP: 19/19 MP: 3/7
  1139 | D:2      | Identified the +6 ring mail of Intuition {rF+}
  1266 | D:2      | Noticed a necrophage
  1545 | D:2      | Slain by a necrophage

Illustrated notes

Levels and vault maps discovered:
D:1:      sevenhm_arrival_forest_fort_large_2, layout_rooms
D:2:      layout_loops_ring, hellmonk_ecumenical_altar_lost_god, serial_shops,
          nicolae_lakefront_shop, shop, nicolae_shop_crystal, grunt_ministairs_2

Skill      XL: |  1  2 |
---------------+-------+-----
Conjurations   | 2 |  2.5
Dodging        | |  2.1
Stealth        | |  2.0
Spellcasting   | |  2.5
Air Magic      | |  4.6

Action                   || total
-------------------------++-------
 Cast: Shock             ||    56
  Use: Scroll            ||     3
Armor: Robe              ||     3
Dodge: Dodged            ||    15
